 Dungeon Crawl Stone Soup version 0.31-a0-232-gb1c03b2570 (webtiles) character file.

Game seed: 17256594195357925765

62 qw the Shooter (level 4, 0/26 HPs)
             Began as a Gargoyle Hexslinger on July 7, 2023.
             Frozen to death by an endoplasm (4 damage)
             ... on level 2 of the Dungeon.
             The game lasted 00:00:26 (980 turns).

qw the Shooter (Gargoyle Hexslinger)                 Turns: 980, Time: 00:00:27

Health: 0/26       AC:  9    Str: 12    XL:     4   Next: 8%
Magic:  5/5        EV: 10    Int: 13    God:
Gold:   106        SH:  0    Dex: 14    Spells: 4/5 levels left

rFire   . . .        Y - +1 sling
rCold   . . .        (no shield)
rNeg    + . .        e - +0 ring mail
rPois   inf          (no helmet)
rElec   +            (no cloak)
rCorr   .            (no gloves)
SInv    .            l - +0 pair of boots
Will    .....        (no amulet)
Stlth   +            (no ring)
HPRegen 0.24/turn    (no ring)
MPRegen 0.09/turn

%: no passive effects
@: no status effects
A: sickness immunity, AC +3, negative energy resistance 1, electricity
resistance, torment resistance 1, petrification resistance
a: no special abilities


You were on level 2 of the Dungeon.
You visited 1 branch of the dungeon, and saw 2 of its levels.

You collected 106 gold pieces.


Innate Abilities, Weirdness & Mutations

You are immune to sickness and miasma.
Your stone body is resilient. (AC +3)
You are immune to poison.
You resist negative energy. (rN+)
You are resistant to electric shocks. (rElec)
You are resistant to unholy torment.
You are immune to petrification.


   Skills:
 - Level 2.0 Fighting
 + Level 3.7 Ranged Weapons
 - Level 1.0 Armour
 - Level 1.5 Dodging
 - Level 1.0 Spellcasting
 - Level 2.6 Hexes


You had 4 spell levels left.
You knew the following spells:

 Your Spells              Type           Power      Damage    Failure   Level
a - Slow                  Hex            28%        N/A       22%         1

Your spell library contained the following spells:

 Spells                   Type           Power      Damage    Failure   Level
 Inner Flame              Hex/Fire       4%         N/A       73%         3
 Portal Projectile        Hex/Tloc       8%         N/A       73%         3
 Cause Fear               Hex            3%         N/A       91%         4

Inventory:

Hand Weapons
 Y - a +1 sling (weapon)
Armour
 a - a +0 helmet
 e - a +0 ring mail (worn)
 l - a +0 pair of boots (worn)
Jewellery
 c - an amulet of reflection
Potions
 b - a potion of brilliance {unknown}
 d - a potion of heal wounds {unknown}
 g - 2 potions of magic {unknown}
 j - a potion of cancellation {unknown}
 k - a potion of berserk rage {unknown}

Dungeon Overview and Level Annotations

Branches:
Dungeon (2/15)

Altars:

Annotations:
D:2 Terence


Message History

Terence is moderately wounded.
You shoot a sling bullet.
The sling bullet hits Terence but does no damage.
Terence is moderately wounded.
An endoplasm comes into view.
You shoot a sling bullet. The endoplasm quivers.
The sling bullet hits Terence.
Terence is moderately wounded.
A kobold comes into view. It is wielding a +0 club.
You shoot a sling bullet.
The sling bullet closely misses Terence.
The kobold shouts!
Terence asks, "Do you want it fast or slow?"
Terence hits you with a +0 mace.
You shoot a sling bullet. The sling bullet hits Terence.
Terence is heavily wounded.
Terence hits you with a +0 mace!
You shoot a sling bullet.
The sling bullet hits Terence but does no damage.
Terence is heavily wounded.
Terence hits you with a +0 mace.
You shoot a sling bullet.
The sling bullet hits Terence but does no damage.
Terence is heavily wounded.
Terence says, "You're history."
Terence closely misses you. The endoplasm freezes you.
You are frozen.
Terence says, "Rest in peace."
Terence barely misses you.
You shoot a sling bullet. The sling bullet hits Terence.
Terence is severely wounded.
The endoplasm freezes you.
You are frozen.
Terence hits you but does no damage.
You shoot a sling bullet. The sling bullet hits Terence.
Terence is almost dead.
The endoplasm freezes you.
You are frozen.
You die...

.. #.. #.# .##### #.#
...... #.# # ......####
#.#########
.........#####..........
..##..K..#......####.[..
.$....@@........# #....
..##..J..#......# #....
#.....#......####....
#.....#........##....
#.....#......#.##....
#.....#......#.##....
#.....########...[...
####### ####.). ####


You could see Terence, an endoplasm and a kobold.

Vanquished Creatures
  Robin (D:2)
  2 adders (D:2)
  A worm (D:2)
  2 endoplasms (D:1)
  2 giant cockroaches
  8 goblins
  A quokka (D:1)
  3 ball pythons (D:1)
  5 kobolds
  7 rats
32 creatures vanquished.

Notes
Turn   | Place    | Note
-------+----------+-------------------------------------------
     0 | D:1      | qw the Gargoyle Hexslinger began the quest for the Orb.
     0 | D:1      | Reached XP level 1. HP: 12/12 MP: 2/2
     0 | D:1      | 0 ||| qw: Version: 0.3-a-46-gb1f654a
     0 | D:1      | 0 ||| qw: Game counter: 2790
     0 | D:1      | 0 ||| qw: Melee chars always use a shield: true
     0 | D:1      | 0 ||| qw: God list: Okawaru
     0 | D:1      | 0 ||| qw: Allow faded altars: false
     0 | D:1      | 0 ||| qw: Do Orc after clearing Dungeon:15 true
     0 | D:1      | 0 ||| qw: Do second Lair branch before Depths: true
     0 | D:1      | 0 ||| qw: Lair rune preference: random
     0 | D:1      | 0 ||| qw: Goals: Normal
     0 | D:1      | 0 ||| PLANNING D:1-11
   303 | D:1      | Reached XP level 2. HP: 16/16 MP: 3/3
   405 | D:1      | Reached skill level 3 in Ranged Weapons
   590 | D:1      | 590 ||| UPGRADING to +0 ring mail.
   600 | D:1      | 600 ||| DROPPING +0 robe.
   601 | D:1      | 601 ||| UPGRADING to +0 pair of boots.
   606 | D:1      | 606 ||| READING scroll labelled ZORYZXOAMP.
   611 | D:1      | 611 ||| READING scroll labelled FOOWACWOYL.
   612 | D:1      | 612 ||| READING 2 scrolls labelled HEYGUM DURILU.
   613 | D:1      | 613 ||| READING scroll labelled KIEKHL EXET.
   614 | D:1      | 614 ||| DROPPING scroll of poison.
   615 | D:1      | 615 ||| DROPPING scroll of noise.
   657 | D:2      | Reached XP level 3. HP: 21/21 MP: 4/4
   669 | D:2      | Reached skill level 1 in Armour
   809 | D:2      | Noticed Robin
   827 | D:2      | Killed Robin
   828 | D:2      | Reached XP level 4. HP: 11/26 MP: 5/5
   971 | D:2      | Noticed Terence
   979 | D:2      | HP: 4/26 [frozen (4)]
   980 | D:2      | Frozen to death by an endoplasm

Levels and vault maps discovered:
D:1:      zelgadis_glass_arrival_small, layout_basic, serial_glass,
          glass_columns_c, glass_columns_a, glass_columns_c, glass_columns_a
D:2:      layout_basic, minivault_11, kennysheep_generic_room_12, uniq_terence,
          uniq_robin

Skill      XL: |  1  2  3 |
---------------+----------+-----
Ranged Weapons | 3 |  3.7
Fighting       | 2 |  2.0
Armour         | 1 |  1.0
Dodging        | |  1.5
Spellcasting   | |  1.0
Hexes          | |  2.6

Action                     |  1- 3 |  4- 6 || total
---------------------------+-------+-------++-------
   Fire: Sling             |   102 |    10 ||   112
    Use: Scroll            |     4 |       ||     4
 Armour: Robe              |     7 |       ||     7
         Ring mail         |    20 |     1 ||    21
  Dodge: Dodged            |    40 |     2 ||    42

Table legend:
 A = Non-vault XP
 B = Vault XP
 C = Vault XP percentage of total XP
 D = Non-vault monster count
 E = Vault monster count
 F = Vault count percentage of total count
                 A         B        C        D         E       F
            +---------+---------+-------+---------+---------+-------
      Total |      58 |      31 |  34.8 |      23 |       9 |  28.1
            +---------+---------+-------+---------+---------+-------
        D:1 |      23 |       0 |   0.0 |      17 |       0 |   0.0
        D:2 |      35 |      31 |  47.0 |       6 |       9 |  60.0
            +---------+---------+-------+---------+---------+-------
